 Dungeon Crawl Stone Soup version 0.27.1-1-g398f81649c (webtiles) character file.

Game seed: 16212153411655805929

1118 Gwenloh the Destroyer (level 8, -6/41 HPs)
             Began as a Deep Elf Conjurer on Sept 10, 2021.
             Mangled by a two-headed ogre (17 damage)
             ... on level 5 of the Dungeon on Sept 11, 2021.
             The game lasted 00:18:46 (6698 turns).

Gwenloh the Destroyer (Deep Elf Conjurer)           Turns: 6698, Time: 00:18:46

Health: -6/41      AC:  4    Str:  4    XL:     8   Next: 12%
Magic:  0/19       EV: 14    Int: 25    God:
Gold:   181        SH:  0    Dex: 14    Spells: 5/19 levels left

rFire    . . .     SeeInvis .   k - +0 dagger
rCold    . . .     Faith    .   (no shield)
rNeg     . . .     Spirit   .   a - +0 robe
rPois    .         Reflect  .   l - +1 hat
rElec    .         Harm     .   u - +0 cloak
rCorr    .         Rampage  .   (no gloves)
Will     .....                  (no boots)
Stlth    +++.......             (no amulet)
HPRegen  0.13/turn              (no ring)
MPRegen  0.16/turn              (no ring)

@: very slightly contaminated
A: no striking features
a: no special abilities


You were on level 5 of the Dungeon.
You visited 2 branches of the dungeon, and saw 7 of its levels.

You collected 220 gold pieces.
You spent 39 gold pieces at shops.

Inventory:

Hand Weapons
 k - a +0 dagger (weapon)
Armour
 a - a +0 robe (worn)
 l - a +1 hat (worn)
 u - a +0 cloak (worn)
Magical Staves
 q - a staff of earth
Jewellery
 j - a ring of ice
Wands
 o - a wand of polymorph (8)
Scrolls
 e - 2 scrolls of brand weapon {unknown}
 f - a scroll of vulnerability {unknown}
 h - 3 scrolls of identify {unknown}
 i - a scroll of magic mapping {unknown}
 n - 5 scrolls of teleportation
 p - a scroll of fear {unknown}
 r - a scroll of acquirement {unknown}
Potions
 b - a potion of attraction {unknown}
 c - 3 potions of curing {unknown}
 d - 2 potions of lignification {unknown}
 g - a potion of heal wounds {unknown}
 m - a potion of magic {unknown}
 s - a potion of cancellation {unknown}
 t - 2 potions of degeneration {unknown}


   Skills:
 + Level 0.0 Fighting
 + Level 5.5 Dodging
 - Level 6.1 Stealth
 + Level 6.3 Spellcasting
 + Level 8.0 Conjurations
 + Level 0.1 Hexes


You had 5 spell levels left.
You knew the following spells:

 Your Spells              Type           Power      Damage    Failure   Level
a - Magic Dart            Conj           100%       1d8       1%          1
b - Searing Ray           Conj           96%        3d7       1%          2
c - Dazzling Flash        Conj/Hex       56%        N/A       4%          3
d - Fulminant Prism       Conj/Hex       14%        3d9       14%         4
e - Iskenderun's Mystic   Conj/Tloc      27%        2d7       14%         4

Your spell library contained the following spells:

 Spells                   Type           Power      Damage    Failure   Level
 Call Canine Familiar     Summ           7%         N/A       22%         3
 Ozocubu's Armour         Ice            7%         N/A       22%         3
 Portal Projectile        Hex/Tloc       16%        N/A       22%         3
 Leda's Liquefaction      Hex/Erth       4%         N/A       56%         4
 Metabolic Englaciation   Hex/Ice        4%         N/A       89%         5
 Simulacrum               Ice/Necr       3%         N/A       100%        6


Dungeon Overview and Level Annotations

Branches:
Dungeon (6/15)             Temple (1/1) D:4

Altars:
Ashenzari
Cheibriados
Dithmenos
Fedhas
Gozag
Hepliaklqana
Makhleb
Nemelex Xobeh
Okawaru
Qazlal
Trog
Xom
Yredelemnul
Zin
The Shining One

Shops:
D:3 *


Message History

Confirm with . or Enter, or press ? or * to list all spells.
The orc is dazzled.
Your fulminant prism crackles loudly.
The orc priest looks braver for a moment.
Casting: Dazzling Flash (dangerous; 4% risk of failure)
Confirm with . or Enter, or press ? or * to list all spells.
The spell is quite dangerous to cast (14% risk of failure)!
Continue anyway?
You erupt in a blast of force!
The mystic blast hits the two-headed ogre.
The two-headed ogre is lightly wounded.
The mystic blast hits the orc!
You kill the orc!
The two-headed ogre misses you. The two-headed ogre barely misses you.
Your fulminant prism explodes!
The blast of energy engulfs the orc priest!
The orc priest is severely wounded.
The blast of energy engulfs the white imp!!
You kill the white imp!
The blast of energy engulfs the orc!!
You kill the orc!
You climb upwards.
There is a stone staircase leading down here.
Casting: Iskenderun's Mystic Blast (quite dangerous; 14% risk of failure)
Confirm with . or Enter, or press ? or * to list all spells.
You miscast Dazzling Flash.
You are very lightly contaminated with residual magic.
Nothing appears to happen.
The two-headed ogre misses you.
The two-headed ogre hits you with a +0 giant club!!
Ouch! That really hurt!
Casting: Dazzling Flash (dangerous; 4% risk of failure)
Confirm with . or Enter, or press ? or * to list all spells.
You miscast Dazzling Flash.
Nothing appears to happen.
The two-headed ogre barely misses you. x2
Unknown command.
Casting: Dazzling Flash (dangerous; 4% risk of failure)
Confirm with . or Enter, or press ? or * to list all spells.
The two-headed ogre hits you with a +0 dire flail.
* * * LOW HITPOINT WARNING * * *
The two-headed ogre hits you with a +0 giant club!
You die...

###### #....##### #........#
#########
###....###.######.......######
................@O.##........#
...............##).##........#
.##..#.............##.....(..#
.#...#..........#............#
..<....###.##............)...#
#.##...###..+................#
#........#..#................#
#..#..##.#...#+###'###########
##....##.#####.......#######


You could see a two-headed ogre.

Vanquished Creatures
  A water moccasin (D:5)
  A black bear (D:5)
  A necrophage (D:4)
  2 ogres (D:4)
  A centaur (D:3)
  2 scorpions
  An orc priest (D:4)
  A gnoll shaman (D:4)
  3 orc wizards
  Natasha (thrice) (D:3)
  A scorpion zombie (D:5)
  2 howler monkey zombies (D:5)
  4 gnolls (D:4)
  6 adders
  A white imp (D:6)
  2 ufetubi (D:4)
  An adder zombie (D:5)
  4 dart slugs
  16 orcs
  3 ball pythons
  7 endoplasms
  5 giant cockroaches
  8 goblins
  9 hobgoblins
  4 jackals (D:1)
  3 quokkas (D:1)
  5 bats
  6 frilled lizards
  8 kobolds
  8 rats
119 creatures vanquished.

Vanquished Creatures (others)
  A fulminant prism (D:6)
  4 plants (D:5)
5 creatures vanquished.

Grand Total: 124 creatures vanquished

Notes
Turn   | Place    | Note
-------+----------+-------------------------------------------
     0 | D:1      | Gwenloh the Deep Elf Conjurer began the quest for the Orb.
     0 | D:1      | Reached XP level 1. HP: 10/10 MP: 6/6
    80 | D:1      | Found a faded altar of an unknown god.
   232 | D:1      | Reached XP level 2. HP: 15/15 MP: 5/8
   306 | D:1      | Learned a level 2 spell: Searing Ray
   928 | D:1      | Reached XP level 3. HP: 19/19 MP: 1/9
  1557 | D:2      | Reached skill level 5 in Conjurations
  1742 | D:2      | Learned a level 3 spell: Dazzling Flash
  1916 | D:2      | Reached XP level 4. HP: 24/24 MP: 9/11
  2674 | D:3      | Found Hut Syot's General Store.
  2683 | D:3      | Bought a scroll of teleportation for 39 gold pieces
  2700 | D:3      | Noticed Natasha
  2702 | D:3      | Killed Natasha
  2733 | D:3      | Found a shimmering altar of Xom.
  2750 | D:3      | Noticed Natasha
  2762 | D:3      | Killed Natasha
  2763 | D:3      | Reached XP level 5. HP: 19/28 MP: 5/13
  2885 | D:3      | Noticed a centaur
  2963 | D:3      | Killed a centaur
  2964 | D:3      | Reached skill level 6 in Conjurations
  2964 | D:3      | Reached XP level 6. HP: 11/32 MP: 8/15
  3132 | D:3      | Noticed Natasha
  3138 | D:3      | Killed Natasha
  3527 | D:4      | Found an opulent altar of Gozag.
  4148 | D:4      | Found a shadowy altar of Dithmenos.
  4148 | D:4      | Found a glowing golden altar of the Shining One.
  4206 | D:4      | Reached skill level 5 in Spellcasting
  4421 | D:4      | Reached skill level 5 in Stealth
  4421 | D:4      | Reached XP level 7. HP: 36/36 MP: 9/16
  4503 | D:4      | Reached skill level 7 in Conjurations
  5081 | D:4      | Found a staircase to the Ecumenical Temple.
  5095 | Temple   | Entered the Ecumenical Temple
  5438 | D:5      | Entered Level 5 of the Dungeon
  5456 | D:5      | Reached skill level 5 in Dodging
  5525 | D:5      | Found a hazy altar of Hepliaklqana.
  6098 | D:5      | Reached XP level 8. HP: 41/41 MP: 12/19
  6501 | D:5      | Reached skill level 8 in Conjurations
  6558 | D:5      | Learned a level 4 spell: Fulminant Prism
  6563 | D:5      | Learned a level 4 spell: Iskenderun's Mystic Blast
  6689 | D:6      | Noticed a two-headed ogre
  6698 | D:5      | Mangled by a two-headed ogre

Illustrated notes

Levels and vault maps discovered:
D:1:      tarquinn_simple_flora_water_e, layout_basic,
          hellmonk_ecumenical_altar_arch_garden
D:2:      layout_loops_ring, st_stairs_6
D:3:      layout_rooms, mainiacjoe_overflow_concentric_impassable, serial_shops,
          nicolae_shop_temple_entry_statues_fountains, minmay_misc_feat_encased,
          uniq_natasha
D:4:      layout_basic, nicolae_gozag_cash_rules_everything_around_me,
          gammafunk_temple_overflow_wave, minmay_temple_entry_waves,
          roderic_serpentine_path
D:5:      corexii_shack_village, layout_basic, nicolae_hepliaklqana_hippocampus
D:6:      layout_rooms, mainiacjoe_overflow_tiny_flanked
Temple:   jpeg_temple_alley_garden

Skill      XL: |  1  2  3  4  5  6  7  8 |
---------------+-------------------------+-----
Stealth        | 3 4 5 6 |  6.1
Dodging        | 3 4 5 |  5.5
Conjurations   | 5 6 7 8 |  8.0
Spellcasting   | 4 5 6 |  6.3
Hexes          | |  0.1

Action                   |  1- 3 |  4- 6 |  7- 9 || total
-------------------------+-------+-------+-------++-------
 Cast: Magic Dart        |    90 |    80 |    48 ||   218
       Searing Ray       |       |    12 |    17 ||    29
       Dazzling Flash    |       |     3 |     3 ||     6
       Iskenderun's Myst |       |       |     1 ||     1
       Fulminant Prism   |       |       |     1 ||     1
Armor: Robe              |       |       |     4 ||     4
Dodge: Dodged            |     6 |    10 |    14 ||    30
